 Dungeon Crawl Stone Soup version 0.24.1-8-ga250c9d538 (webtiles) character file.

Game seed: 17818951428847340174, levelgen mode: deterministic

175 Peloso the Shield-Bearer (level 5, 0/46 HPs)
             Began as a Draconian Fighter on Apr 28, 2020.
             Succumbed to a scorpion's poison
             ... on level 3 of the Dungeon.
             The game lasted 00:03:41 (2032 turns).

Peloso the Shield-Bearer (Draconian Fighter)        Turns: 2032, Time: 00:03:41

Health: 0/46       AC:  5    Str: 20    XL:     5   Next: 29%
Magic:  5/5        EV: 11    Int:  8    God:
Gold:   145        SH:  9    Dex: 10    Spells: 4/4 levels left

rFire    . . .     SeeInvis .   a - +0 long sword
rCold    . . .     Gourm    .   b - +0 shield
rNeg     . . .     Faith    .   (armour unavailable)
rPois    .         Spirit   .   (helmet restricted)
rElec    .         Reflect  .   (no cloak)
rCorr    .         Harm     .   (no gloves)
MR       .....                  (no boots)
Stlth    +.........             (no amulet)
HPRegen  0.15/turn              (no ring)
MPRegen  0.09/turn              (no ring)

@: lethally poisoned (0 -> -7)
A: unfitting armour, cold-blooded, AC +5
a: no special abilities


You were on level 3 of the Dungeon.
You were hungry.

You visited 1 branch of the dungeon, and saw 3 of its levels.

You collected 145 gold pieces.

Inventory:

Hand Weapons
 a - a +0 long sword (weapon)
Armour
 b - a +0 shield (worn)
Scrolls
 e - 4 scrolls of identify {unknown}
 f - a scroll of enchant armour {unknown}
 g - a scroll of remove curse {unknown}
 h - a scroll of blinking {unknown}
 i - a scroll of noise {unknown}
 j - a scroll of fog {unknown}
Potions
 c - a potion of might
Comestibles
 d - 11 rations


   Skills:
 + Level 4.0 Fighting
 + Level 3.3 Long Blades
 + Level 3.5 Dodging
 + Level 0.5 Stealth
 + Level 4.1 Shields


You had 4 spell levels left.
You didn't know any spells.
Your spell library was empty.

Dungeon Overview and Level Annotations

Branches:
Dungeon (3/15)

Altars:
Fedhas
Wu Jian


Innate Abilities, Weirdness & Mutations

Your plain brown scales are hard. (AC +5)
You cannot fit into any form of body armour.
You are cold-blooded and may be slowed by cold attacks.


Message History

* * * LOW HITPOINT WARNING * * *
You feel sick. The scorpion barely misses you.
Okay, then.
You hit the scorpion but do no damage.
You tail-slap the scorpion, but do no damage.
The scorpion is almost dead.
* * * LOW HITPOINT WARNING * * *
You feel sick. The scorpion barely misses you.
You riposte.
You barely miss the scorpion.
You tail-slap the scorpion, but do no damage.
The scorpion is severely wounded.
You closely miss the scorpion. You tail-slap the scorpion.
The scorpion is almost dead.
* * * LOW HITPOINT WARNING * * *
You feel sick. The scorpion closely misses you.
You slash the scorpion!
You kill the scorpion!
Your Fighting skill increases to level 4!
You have reached level 5!
You die...

..........##.#..)..#
.............#.....# .....
...####...####.....# .....
.... ....# #.....# ......
... . ###...... ...... ..#
#..).....
$.....####.#####.##.###..##
........#.................
#.$...@# #.........
#......# #####....#
#......# #..... #....†####
#.##.. #........# #.###.
##+#### ##....#### #...#†
#...... #....## #.....
#...... #####<### #..)..
#......###### #.#.# ###...


There were no monsters in sight!

Vanquished Creatures
  A scorpion (D:3)
  A gnoll (D:1)
  6 adders
  3 worms
  A dart slug (D:2)
  A leopard gecko (D:2)
  A ball python (D:1)
  3 giant cockroaches
  8 goblins
  4 hobgoblins
  3 jackals (D:3)
  5 kobolds
  2 quokkas
  4 bats
  5 frilled lizards
  6 rats
54 creatures vanquished.

Notes
Turn   | Place    | Note
-------+----------+-------------------------------------------
     0 | D:1      | Peloso the Draconian Fighter began the quest for the Orb.
     0 | D:1      | Reached XP level 1. HP: 19/19 MP: 1/1
   406 | D:1      | Reached XP level 2. HP: 20/26 MP: 2/2
   922 | D:2      | Found an ornate altar of the Wu Jian Council.
   922 | D:2      | Found a blossoming altar of Fedhas.
   954 | D:2      | Reached XP level 3. HP: 20/31 MP: 3/3
  1214 | D:2      | Reached XP level 4. HP: 38/40 MP: 4/4
  2030 | D:3      | HP: 2/40 [poisoned by a scorpion]
  2032 | D:3      | Reached XP level 5. HP: 1/46 MP: 5/5
  2032 | D:3      | Succumbed to a scorpion's poison

Levels and vault maps discovered:
D:1:      roderic_crossed_star, layout_loops_cross
D:2:      minmay_inner_zag, layout_loops_ring, amethyst_overflow_temple_binary
D:3:      layout_basic, first_ration, grunt_ministairs_3

Skill      XL: |  1  2  3  4 |
---------------+-------------+-----
Dodging        | 3 |  3.5
Long Blades    | 3 |  3.3
Shields        | 4 |  4.1
Fighting       | 4 |  4.0
Stealth        | |  0.5

Action                   |  1- 3 |  4- 6 || total
-------------------------+-------+-------++-------
Melee: Long sword        |   112 |    68 ||   180
       Tailslap          |    22 |    17 ||    39
  Use: Potion            |     1 |       ||     1
 Stab: Sleeping          |     1 |     1 ||     2
  Eat: Chunk             |     1 |     2 ||     3
Armor: Skin              |    46 |    16 ||    62
Dodge: Dodged            |    54 |    34 ||    88
Block: Shield            |    54 |    29 ||    83
       Rpst.: Long sword |    15 |     9 ||    24
